 Dungeon Crawl Stone Soup version 0.26-a0-812-g31a745ddcd (webtiles) character file.

Game seed: 11683534385021389098

60 Apogee the Conjurer (level 3, -5/26 HPs)
             Began as a Draconian Conjurer on Nov 24, 2020.
             Was an Initiate of Vehumet.
             Slain by a bullfrog (6 damage)
             ... on level 2 of the Dungeon.
             The game lasted 00:02:57 (2073 turns).

Apogee the Conjurer (Draconian Conjurer)            Turns: 2073, Time: 00:02:58

Health: -5/26      AC:  6    Str:  9    XL:     3   Next: 80%
Magic:  0/7        EV: 12    Int: 18    God:    Vehumet [......]
Gold:   107        SH:  0    Dex: 10    Spells: 6/7 levels left

rFire    . . .     SeeInvis .   a - +1 dagger
rCold    . . .     Faith    .   (no shield)
rNeg     . . .     Spirit   .   (armour unavailable)
rPois    +         Reflect  .   (helmet restricted)
rElec    .         Harm     .   (no cloak)
rCorr    .         Rampage  .   (no gloves)
MR       .....                  i - +0 pair of boots
Stlth    ++........             (no amulet)
HPRegen  0.08/turn              (no ring)
MPRegen  0.10/turn              (no ring)

@: no status effects
A: unfitting armour, antennae 1, big wings, poison resistance, cold-blooded, AC
+5
a: Fly, Renounce Religion


You were on level 2 of the Dungeon.
You worshipped Vehumet.
Vehumet was noncommittal.
You visited 1 branch of the dungeon, and saw 3 of its levels.

You collected 107 gold pieces.

Inventory:

Hand Weapons
 a - a +1 dagger (weapon)
   (You took it off a goblin on level 1 of the Dungeon)
Armour
 e - a +0 buckler
   (You found it on level 2 of the Dungeon)
 i - a +0 pair of boots (worn)
   (You found it on level 2 of the Dungeon)
Jewellery
 k - an uncursed ring of see invisible {unknown}
   (You found it on level 2 of the Dungeon)
Scrolls
 b - 3 scrolls of teleportation {unknown}
 c - 2 scrolls of remove curse {unknown}
 h - a scroll of magic mapping {unknown}
 l - a scroll of identify {unknown}


   Skills:
 - Level 1.7 Dodging
 - Level 1.7 Stealth
 + Level 2.7 Spellcasting
 * Level 5.1 Conjurations


You had 6 spell levels left.
You knew the following spells:

 Your Spells              Type           Power        Failure   Level
a - Magic Dart            Conj           ###.         1%          1

Your spell library contained the following spells:

 Spells                   Type           Power        Failure   Level
 Searing Ray              Conj           ###...       3%          2
 Dazzling Flash           Conj/Hex       ##....       19%         3
 Fulminant Prism          Conj/Hex       ##........   52%         4
 Iskenderun's Mystic Bla  Conj/Tloc      ##......     52%         4


Dungeon Overview and Level Annotations

Branches:
Dungeon (3/15)

Altars:
Vehumet


Innate Abilities, Weirdness & Mutations

Your plain brown scales are hard. (AC +5)
You cannot fit into any form of body armour.
You are cold-blooded and may be slowed by cold attacks.
You have a pair of small antennae on your head.
Your large and strong wings let you fly indefinitely.
Your system is resistant to poisons. (rPois)


Message History

You see here a +0 club.
You aren't carrying any items that you can evoke.
Aim: a bullfrog The magic dart hits the bullfrog.
The bullfrog hits you! The bullfrog closely misses you.
Unknown command.
The bullfrog hits you. The bullfrog closely misses you.
The bullfrog hits you but does no damage.
The bullfrog hits you. The bullfrog barely misses you.
There is a stone staircase leading up, spattered with blood here.
Unknown command.
The bullfrog hits you.
* * * LOW HITPOINT WARNING * * *
You climb upwards.
There is a stone staircase leading down here.
It was a potion of curing.
You feel better. The bullfrog hits you. The bullfrog closely misses you.
Aim: a bullfrog (lightly wounded)
The magic dart hits the bullfrog.
The bullfrog hits you.
Aim: a bullfrog (lightly wounded)
The magic dart hits the bullfrog.
The bullfrog closely misses you. The bullfrog barely misses you.
You don't have enough magic to cast that spell.
You aren't carrying any items that you can evoke.
It was a potion of mutation.
You feel extremely strange.
You feel less energetic. A pair of antennae grows on your head!
You feel less energetic.
Your thoughts seem clearer.
The bullfrog hits you.
* * * LOW HITPOINT WARNING * * *
You don't have enough magic to cast that spell.
Really quaff
j - a potion of mutation {!q}?
Really quaff the potion of mutation?
You feel extremely strange.
You feel more energetic. x2; Your thinking seems confused.
Your wings grow larger and stronger.
You feel resistant to poisons. The bullfrog hits you.
* * * LOW HITPOINT WARNING * * *
The bullfrog closely misses you.
Okay, then.
You aren't carrying any potions.
As you read the scroll labelled HIANUL ENUSCH, it crumbles to dust.
The scroll dissolves into smoke.
It was a scroll of fog.
The bullfrog hits you!
* * * LOW HITPOINT WARNING * * *
As you read the scroll labelled MAES PIVOUNE, it crumbles to dust.
It is a scroll of enchant weapon.
Your +0 dagger glows red for a moment.
The bullfrog hits you but does no damage.
The bullfrog hits you.
You die...

########................
######....<..................
#....########........#.......
#............................
#....####...#......).#.......
#....####.#.#........#.......
##.####...#§#.......)#.......
##.#....##§§#F.......#.......
#..#......§§@§.......#####..#
##..........§§§.............#.
#..................#######....
#................#.# ########.
##...............#.###........
#........>.......#.##..####.##
##....#.#....)....#..#.#####.##
#....÷._.........###.#.###.....
#.....#.#....<.)...#.#.##...###


You could see a bullfrog.

Vanquished Creatures
  2 adders (D:2)
  An ooze (D:2)
  A dart slug (D:1)
  A leopard gecko (D:1)
  3 giant cockroaches
  5 goblins
  5 hobgoblins
  4 kobolds
  A quokka (D:2)
  4 bats
  2 frilled lizards (D:2)
  3 rats
32 creatures vanquished.

Vanquished Creatures (others)
  A frilled lizard (D:1)
  2 plants (D:1)
3 creatures vanquished.

Grand Total: 35 creatures vanquished

Notes
Turn   | Place    | Note
-------+----------+-------------------------------------------
     0 | D:1      | Apogee the Draconian Conjurer began the quest for the Orb.
     0 | D:1      | Reached XP level 1. HP: 14/14 MP: 3/3
   571 | D:1      | Reached XP level 2. HP: 20/20 MP: 3/5
  1362 | D:2      | Found a radiant altar of Vehumet.
  1381 | D:2      | Reached XP level 3. HP: 26/26 MP: 0/6
  1386 | D:2      | Became a worshipper of Vehumet
  1662 | D:2      | Reached skill level 5 in Conjurations
  2042 | D:3      | Noticed a bullfrog
  2070 | D:2      | Gained mutation: Your magical capacity is low. (-10% MP)
                  | [potion of mutation]
  2070 | D:2      | Gained mutation: You have a pair of small antennae on your
                  | head. [potion of mutation]
  2070 | D:2      | Gained mutation: Your magical capacity is very low. (-20%
                  | MP) [potion of mutation]
  2070 | D:2      | Gained mutation: You possess an exceptional clarity of
                  | mind. [potion of mutation]
  2071 | D:2      | Lost mutation: Your magical capacity is very low. (-20% MP)
                  | [potion of mutation]
  2071 | D:2      | Lost mutation: Your magical capacity is low. (-10% MP)
                  | [potion of mutation]
  2071 | D:2      | Lost mutation: You possess an exceptional clarity of mind.
                  | [potion of mutation]
  2071 | D:2      | Gained mutation: Your large and strong wings let you fly
                  | indefinitely. [potion of mutation]
  2071 | D:2      | Gained mutation: Your system is resistant to poisons.
                  | (rPois) [potion of mutation]
  2072 | D:2      | HP: 1/26 [bullfrog (8)]
  2073 | D:2      | Slain by a bullfrog

Illustrated notes

Levels and vault maps discovered:
D:1:      lightli_arrival_boilingwater, layout_loops_ring, serial_forest,
          infiniplex_forest_clump_long, infiniplex_forest_lined_corner,
          infiniplex_forest_straight_2, infiniplex_forest_clump_diagonal,
          infiniplex_forest_straight_2, infiniplex_forest_lined_3_way,
          infiniplex_forest_clump_curved, infiniplex_forest_lined_4_way,
          minmay_misc_feat_enclosed, lemuel_flame_loot_1
D:2:      layout_rooms, lemuel_crystal_altar
D:3:      layout_loops_ring, gammafunk_temple_overflow_statue,
          lemuel_statue_altar

Skill      XL: |  1  2  3 |
---------------+----------+-----
Conjurations   | 5 |  5.1
Dodging        | |  1.7
Stealth        | |  1.7
Spellcasting   | |  2.7

Action                   || total
-------------------------++-------
Melee: Dagger            ||     6
       Tailslap          ||     1
 Cast: Magic Dart        ||    68
  Use: Potion            ||     3
       Scroll            ||     2
Armor: Skin              ||     8
Dodge: Dodged            ||    19

Table legend: (Time is in decaauts)
 A = Elapsed time spent in this place.
 B = Non-inter-level travel time spent in this place.
 C = Inter-level travel time spent in this place.
 D = Time resting spent in this place.
 E = Time spent auto-exploring this place.
 F = Levels seen in this place.
 G = Mean time per level.
                   A        B        C        D        E       F      G
               +--------+--------+--------+--------+--------+-----+--------+
         Total |   2080 |   2031 |     49 |    350 |   1467 |   3 |  693.3 |
       Dungeon |   2080 |   2031 |     49 |    350 |   1467 |   3 |  693.3 |
               +--------+--------+--------+--------+--------+-----+--------+

Top non-repeatable levels by time:
     D:1: 1324 daAuts
     D:2: 648 daAuts
     D:3: 107 daAuts
